 Dungeon Crawl Stone Soup version 0.31-a0-986-g5e6e4ef867 (webtiles) character file.

Game seed: 17082572729327204820

101594 IEatYoBabies the Eclecticist (level 15, -3/115 HPs)
             Began as a Mummy Necromancer on Oct 29, 2023.
             Was a Believer of Yredelemnul.
             Slain by Jorgrun
             ... wielding a +0 heavy quarterstaff
              (10 damage)
             ... on level 1 of the Swamp on Nov 18, 2023.
             The game lasted 04:14:29 (33515 turns).

IEatYoBabies the Eclecticist (Mummy Necromancer)   Turns: 33515, Time: 04:14:29

Health: -3/115     AC: 14    Str: 16    XL:     15   Next: 83%
Magic:  40/43      EV: 19    Int: 25    God:    Yredelemnul [**....]
Gold:   1163       SH:  0    Dex: 12    Spells: 5/44 levels left

rFire   . . .        T - +10 trident of Paxto {vamp, rElec MP+9 Str+2 Int+2}
rCold   + . .        (no shield)
rNeg    + + +        J - +2 ring mail {rF+}
rPois   ∞            A - +0 helmet {Int+3}
rElec   +            R - scarf {+Inv}
rCorr   .            P - +1 pair of gloves
SInv    .            c - +2 pair of boots
Will    ++...        k - amulet of the acrobat Stlth
                     b - +5 ring of evasion
HPRegen 0.39/turn    x - ring of willpower
MPRegen 0.28/turn

%: acrobat, faith
@: silenced
A: cold resistance 1, negative energy resistance 3, torment resistance 2, heat
vulnerability 1, in touch with death 2, no potions, faith
a: Renounce Religion, Evoke Invisibility


You were on level 1 of the Swamp.
You worshipped Yredelemnul.
Yredelemnul was aware of your devotion.
You visited 6 branches of the dungeon, and saw 25 of its levels.
You visited 1 bazaar.
You also visited: Sewer and Ossuary.

You collected 2639 gold pieces.
You spent 1419 gold pieces at shops.
You paid 57 gold pieces to Gozag.

Inventory:

Hand Weapons
 D - the +6 falchion of Icefuju Keawn {freeze, +Blink rC+ Will+ Int-2 SInv}
   (You found it on level 9 of the Dungeon)

   Int-2:     It affects your intelligence (-2).
   rC+:       It protects you from cold.
   Will+:     It increases your willpower.
   SInv:      It lets you see invisible.
   +Blink:    It lets you blink.
 T - the +10 trident of Paxto (weapon) {vamp, rElec MP+9 Str+2 Int+2}
   (You found it on level 5 of the Lair of Beasts)

   Str+2:     It affects your strength (+2).
   Int+2:     It affects your intelligence (+2).
   rElec:     It insulates you from electricity.
   MP+9:      It affects your magic capacity (+9).
Missiles
 d - a curare-tipped dart
 h - 12 darts of dispersal
 m - 31 poisoned darts (quivered)
 K - 2 datura-tipped darts
Armour
 c - a +2 pair of boots (worn)
 s - the +1 helmet "Voiruxt" {rElec rN++ Dex-4 Stlth+}
   (You bought it in a shop on level 1 of the Dungeon)

   Dex-4:     It affects your dexterity (-4).
   rElec:     It insulates you from electricity.
   rN++:      It greatly protects you from negative energy.
   Stlth+:    It makes you more stealthy.
 A - a +0 helmet of intelligence (worn)
 J - a +2 ring mail of fire resistance (worn)
 P - a +1 pair of gloves (worn)
 Q - a +0 kite shield
 R - a scarf of invisibility (worn)
Jewellery
 b - a +5 ring of evasion (left hand)
 k - an amulet of the acrobat (around neck)
 x - a ring of willpower (right hand)
 C - a ring of resist corrosion
Wands
 a - a wand of acid (1)
 n - a wand of polymorph (7)
 t - a wand of iceblast (24)
 v - a wand of flame (19)
 E - a wand of charming (13)
Scrolls
 e - 4 scrolls of vulnerability
 f - 3 scrolls of immolation
 g - 5 scrolls of noise
 i - 3 scrolls of torment
 o - 2 scrolls of silence
 p - 5 scrolls of teleportation
 r - 2 scrolls of revelation
 u - 5 scrolls of enchant armour
 y - 4 scrolls of fog
 B - 4 scrolls of poison
 G - 3 scrolls of identify
 H - 5 scrolls of fear
Miscellaneous
 I - a phantom mirror


   Skills:
 * Level 9.7 Fighting
 + Level 0.2 Long Blades
 + Level 7.5 Polearms
 + Level 1.1 Throwing
 + Level 5.2 Armour
 * Level 8.7 Dodging
 - Level 2.2 Stealth
 * Level 2.1 Shields
 - Level 15.0 Spellcasting
 * Level 5.8 Conjurations
 - Level 4.0 Summonings
 - Level 8.3 Necromancy
 - Level 6.0 Ice Magic
 * Level 5.9 Air Magic
 - Level 5.0 Poison Magic
 * Level 8.2 Invocations
 * Level 4.3 Evocations


You had 5 spell levels left.
You knew the following spells:

 Your Spells              Type           Power      Damage    Failure   Level
a - Necrotise             Necr           100%       1d9       1%          1
b - Vampiric Draining     Necr           94%        2d12      1%          3
c - Animate Dead          Necr           94%        N/A       1%          4
d - Agony                 Necr           94%        N/A       4%          5
e - Mephitic Cloud        Conj/Pois/Air  46%        N/A       1%          3
f - Frozen Ramparts       Ice            96%        1d15      1%          3
g - Hailstorm             Conj/Ice       48%        3d11      1%          3
h - Olgreb's Toxic Radia  Pois           43%        N/A       7%          4
i - Freezing Cloud        Conj/Ice/Air   24%        6-21      13%         5
j - Summon Lightning Spi  Summ/Air       43%        N/A       7%          4
k - Anguish               Hex/Necr       36%        N/A       10%         4

Your spell library contained the following spells:

 Spells                   Type           Power      Damage    Failure   Level
 Freeze                   Ice            100%       1d10      1%          1
 Poisonous Vapours        Pois/Air       92%        N/A       1%          2
 Static Discharge         Conj/Air       96%        3-7/arc   1%          2
 Ozocubu's Armour         Ice            48%        N/A       1%          3
 Airstrike                Air            24%        2d(4-20)  4%          4
 Lesser Beckoning         Tloc           36%        N/A       8%          2
 Arcjolt                  Conj/Air       24%        1d34      13%         5
 Gell's Gravitas          Tloc           18%        N/A       16%         3
 Teleport Other           Tloc           18%        N/A       16%         3
 Volatile Blastmotes      Fire/Tloc      36%        2d13      16%         3
 Fulminant Prism          Conj/Hex       16%        3d10      16%         4
 Iskenderun's Mystic Bla  Conj/Tloc      33%        2d8       16%         4
 Vhi's Electric Charge    Tloc/Air       66%        N/A       16%         4
 Metabolic Englaciation   Hex/Ice        16%        N/A       38%         5
 Cause Fear               Hex            9%         N/A       45%         4
 Conjure Ball Lightning   Conj/Air       24%        3x3d7     58%         6
 Eringya's Noxious Bog    Tmut/Pois      15%        4d6       96%         6
 Enfeeble                 Hex            9%         N/A       100%        7
 Discord                  Hex            9%         N/A       100%        8
 Ignition                 Fire           9%         3d5       100%        8
 Maxwell's Capacitive Co  Air            24%        ∞         100%        8
 Chain Lightning          Conj/Air       24%        3d32      100%        9
 Fire Storm               Conj/Fire      16%        8d4       100%        9
 Shatter                  Erth           9%         3d11*     100%        9
 Simulacrum               Ice/Necr       Unusable   N/A       N/A         6

Dungeon Overview and Level Annotations

Branches:
Dungeon (15/15)            Temple (1/1) D:4            Lair (5/5) D:10
  Swamp (1/4) Lair:2        Snake (0/4) Lair:3        Slime (0/5) Lair:4
    Orc (2/2) D:10            Elf (1/3) Orc:2        Depths (0/4) D:15
  Sewer (visited)         Ossuary (visited)
 Vaults: D:13-14

Altars:
Ashenzari
Cheibriados
Dithmenos
Fedhas
Gozag
Hepliaklqana
Kikubaaqudgha
Makhleb
Nemelex Xobeh
Okawaru
Qazlal
Ru
Sif Muna
Trog
Uskayaw
Vehumet
Wu Jian
Xom
Yredelemnul
Jiyva

Shops:
D:1 [!(   Orc:1 ((*((   Orc:2 (((*

Annotations:
D:13 2 exclusions
Lair:1 Tollund's ghost, journeyman DsCj
Lair:2 Cattocvo's ghost, journeyman VSWr; olddryhag's ghost, journeyman DrSh
Swamp:1 Jorgrun


Innate Abilities, Weirdness & Mutations

You are immune to poison.
Your flesh is cold resistant. (rC+)
You are immune to negative energy. (rN+++)
You are immune to unholy pain and torment.
You are vulnerable to heat. (rF-)
You are strongly in touch with the powers of death.
You do not drink.
You have a special connection with the divine. (Faith)


Message History

Jorgrun is heavily wounded.
Jorgrun hits you with a +0 heavy quarterstaff.
* * * LOW HITPOINT WARNING * * *
Your alligator zombie bites Jorgrun!
Your alligator zombie tail-slaps Jorgrun.
Your goliath frog zombie misses Jorgrun.
Unknown command.
Unknown command.
Unknown command.
Reach: T) +10 trident of Paxto {vamp, rElec MP+9 Str+2 Int+2}
Press: ? - help, Dir - move target, f/p - Jorgrun
Aim: Jorgrun, wielding a +0 heavy quarterstaff and wearing a +0 robe (silenced, severely wounded, not watching you, very poisoned, ally target, about 40% to evade the +10 trident of Paxto)
You closely miss Jorgrun.
Jorgrun is severely wounded.
Your alligator zombie bites Jorgrun.
Your alligator zombie barely misses Jorgrun.
Your goliath frog zombie hits Jorgrun!!
Jorgrun hits you with a +0 heavy quarterstaff!
* * * LOW HITPOINT WARNING * * *
Unknown command.
Unknown command.
Unknown command.
Reach: T) +10 trident of Paxto {vamp, rElec MP+9 Str+2 Int+2}
Press: ? - help, Dir - move target, f/p - Jorgrun
Aim: Jorgrun, wielding a +0 heavy quarterstaff and wearing a +0 robe (silenced, almost dead, very poisoned, ally target, about 40% to evade the +10 trident of Paxto)
You hit Jorgrun but do no damage. Your punch misses Jorgrun.
Jorgrun is almost dead.
Your alligator zombie bites Jorgrun!
Your alligator zombie tail-slaps Jorgrun.
Your goliath frog zombie completely misses Jorgrun.
Unknown command.
Unknown command.
Reach: T) +10 trident of Paxto {vamp, rElec MP+9 Str+2 Int+2}
Press: ? - help, Dir - move target, f/p - Jorgrun
Aim: Jorgrun, wielding a +0 heavy quarterstaff and wearing a +0 robe (silenced, almost dead, very poisoned, ally target, about 40% to evade the +10 trident of Paxto)
You puncture Jorgrun!
You feel better.
Jorgrun is almost dead.
Jorgrun hits you with a +0 heavy quarterstaff!
You die...
You join the legions of the undead harvest.

~........~~~...
...........~~...
...~~~.........~
..~~~~........♣~
.~§~~....~~..~§.
.~~~~>~8..~~.♣
.~~.~.ZZ..≈.♣♣
♣♣..♣..g<.≈≈≈.♣
♣~~...≈@≈.≈≈≈≈.♣
♣~~♣.≈≈≈≈≈≈≈≈≈.♣
♣≈≈≈≈≈≈≈≈≈≈.♣
~.≈≈≈≈≈≈≈≈≈.♣♣
♣♣..≈≈≈≈≈≈≈..♣
♣.....≈≈≈≈..♣♣
♣♣.♣.......♣♣
..........♣


You could see Jorgrun (very poisoned, ally target), a friendly lightning spire
(summoned, unsilenced), a friendly alligator zombie and a friendly goliath frog
zombie.

Vanquished Creatures
  Nessos (D:13)
  A catoblepas (D:13)
  A death knight (D:15)
  2 hydras
  2 centaur warriors
  An alligator (Swamp:1)
  2 dancing weapons (Orc:2)
  A two-headed ogre (D:11)
  2 boulder beetles
  2 tengu warriors (D:15)
  5 death yaks
  3 orc high priests
  An occultist (D:15)
  A deep elf knight (Elf:1)
  A goliath frog (Swamp:1)
  A necromancer (D:15)
  5 orc knights
  2 deep elf zephyrmancers (Elf:1)
  3 deep elf pyromancers
  5 orc sorcerers
  3 manticores
  3 ugly things (D:12)
  2 elephants (Lair:5)
  A guardian serpent (Lair:5)
  A torpor snail (Lair:2)
  Maurice (D:11)
  6 black mambas
  Joseph (D:8)
  7 cane toads
  A gargoyle (D:12)
  An unseen horror zombie (D:13)
  An efreet (D:14)
  3 unseen horrors
  3 rime drakes
  Jeremiah (D:6)
  A kobold demonologist (D:13)
  3 komodo dragons
  2 freezing wraiths
  7 trolls
  A hornet (Lair:5)
  Prince Ribbit (D:6)
  A polar bear (Lair:4)
  A tyrant leech (Lair:2)
  11 blink frogs
  Grinder (D:4)
  2 dream sheep
  2 centaur simulacra (D:15)
  A shadow (D:13)
  A water elemental (Elf:1)
  A wraith (D:12)
  2 vampires (D:12)
  7 wyverns
  A fire elemental (D:11)
  4 fire bats (D:11)
  33 yaks
  5 vampire mosquitoes
  Grum (D:8)
  A redback (Lair:5)
  A steam dragon (D:8)
  Duvessa (D:6)
  A nameless horror (D:12)
  16 water moccasins
  17 orc warriors
  An ice beast (D:6)
  5 black bears
  A sky beast (D:5)
  20 wolves
  8 ogres
  A phantom (D:5)
  9 centaurs
  3 kobold brigands
  8 bullfrogs
  A gnoll sergeant (D:7)
  14 scorpions
  A water moccasin zombie (Lair:1)
  2 yak zombies
  2 electric eels (Lair:5)
  2 howler monkeys
  2 lava snakes (D:11)
  A bullfrog zombie (D:10)
  6 centaur zombies
  4 human zombies (Ossuary)
  A gnoll bouda (D:7)
  A hound (D:7)
  15 orc priests
  A jelly (D:7)
  A sleepcap (D:4)
  3 iguanas
  20 orc wizards
  Ijyb (D:5)
  2 ogre zombies (Orc:2)
  2 mummies (Ossuary)
  A howler monkey zombie (D:9)
  9 adders
  11 gnolls
  3 river rats (Sewer)
  2 white imps
  2 ufetubi (D:5)
  2 worms (D:5)
  2 dart slugs
  64 orcs
  10 ball pythons
  2 bats
  4 endoplasms
  5 giant cockroaches (D:2)
  3 gnoll zombies
  6 goblins
  4 hobgoblins
  5 jackals
  2 quokkas (D:2)
  2 frilled lizards
  3 goblin zombies (Ossuary)
  2 hobgoblin zombies
  13 kobolds
  4 kobold zombies (Ossuary)
  12 orc zombies
  4 rats
518 creatures vanquished.

Vanquished Creatures (collateral kills)
  A rakshasa (D:15)
  Erolcha (Orc:2)
  3 hydras
  A death knight (D:14)
  2 boulder beetles (D:14)
  An ogre mage (D:15)
  A centaur warrior (D:14)
  8 two-headed ogres
  6 death yaks
  A tengu warrior (D:15)
  An orc high priest (Orc:2)
  Urug (Lair:2)
  2 skysharks
  2 skeletal warriors
  A bog body (Swamp:1)
  An arcanist (D:14)
  An orange crystal statue (D:14)
  2 deep elf pyromancers
  A deep elf zephyrmancer (Elf:1)
  4 ugly things
  An orc sorcerer (Orc:2)
  A wolf spider (Lair:5)
  An orc knight (Orc:2)
  7 elephants
  4 black mambas
  A gargoyle (D:11)
  6 cane toads
  A centaur skeleton (D:15)
  A rime drake (Lair:4)
  A freezing wraith (D:15)
  A tengu conjurer (D:15)
  5 komodo dragons
  A troll (D:9)
  2 kobold demonologists (D:13)
  3 polar bears
  2 meliai (D:14)
  2 hornets (Lair:5)
  7 dream sheep
  3 blink frogs
  A shadow (D:9)
  4 wraiths
  7 wyverns
  12 yaks
  3 basilisks
  A vampire mosquito (D:15)
  A redback (Lair:5)
  A steam dragon (D:8)
  A warg (Orc:1)
  17 water moccasins
  A hell hound (D:11)
  3 orc warriors
  An ogre (D:15)
  9 wolves
  2 centaurs (D:11)
  2 nameless horrors
  A phantom (D:4)
  6 bullfrogs
  A scorpion (D:10)
  Dowan (D:6)
  A howler monkey (D:10)
  A centaur zombie (Ossuary)
  2 orc priests
  A hound (D:6)
  A jelly (D:4)
  A human zombie (Ossuary)
  2 scorpion zombies (Ossuary)
  2 iguanas
  3 orc wizards
  2 mummies
  8 orcs
  2 gnoll zombies (Ossuary)
  A jackal (D:4)
  A goblin zombie (Ossuary)
  2 hobgoblin zombies (Ossuary)
  2 orc zombies
198 creatures vanquished.

Vanquished Creatures (others)
  A goliath frog (Swamp:1)
  A spectral rakshasa (D:15)
  A death yak zombie (Lair:1)
  A catoblepas zombie (D:13)
  A redback zombie (Lair:5)
  A meliai (D:14)
  A bloated husk (Swamp:1)
  A boulder beetle zombie (D:14)
  4 black mamba zombies
  4 elf zombies (Elf:1)
  Eustachio (D:4)
  A skyshark zombie (Lair:5)
  3 tengu zombies (D:15)
  3 fire bat zombies (D:11)
  3 two-headed ogre zombies
  3 cane toad zombies
  A dream sheep zombie (Lair:2)
  A hornet zombie (Lair:5)
  3 human zombies
  An elephant zombie (Lair:5)
  7 blink frog zombies
  2 manticore zombies (D:14)
  A torpor snail zombie (Lair:2)
  A komodo dragon zombie (Lair:5)
  4 vampire mosquito zombies
  Blork the orc (D:4)
  4 wyvern zombies (Lair:5)
  8 water moccasin zombies
  11 yak zombies
  11 wolf zombies
  A basilisk zombie (Lair:2)
  5 bullfrog zombies
  2 centaur zombies
  2 black bear zombies
  An orc priest (Orc:2)
  3 scorpion zombies (Ossuary)
  A sleepcap (D:4)
  2 ogre zombies (D:15)
  An iguana zombie (Lair:2)
  A jelly zombie (D:7)
  A lava snake zombie (D:11)
  2 orcs
  5 gnoll zombies
  5 kobold zombies (D:13)
  65 orc zombies
183 creatures vanquished.

Grand Total: 899 creatures vanquished

Notes
Turn   | Place    | Note
-------+----------+-------------------------------------------
     0 | D:1      | IEatYoBabies the Mummy Necromancer began the quest for the
                  | Orb.
     0 | D:1      | Reached XP level 1. HP: 13/13 MP: 4/4
   280 | D:1      | Found Rom Ecaaj's Weapon Shop.
   432 | D:1      | Found Veovoane's Distillery.
   657 | D:1      | Found Xefoxed's Antique Armour Boutique.
   850 | D:2      | Reached XP level 2. HP: 12/19 MP: 0/5
   938 | D:2      | Reached skill level 3 in Spellcasting
   938 | D:2      | Reached XP level 3. HP: 24/24 MP: 4/7
   942 | D:2      | Learned a level 3 spell: Vampiric Draining
   988 | D:2      | Found a sacrificial altar of Ru.
  1097 | D:2      | Reached skill level 5 in Necromancy
  1494 | D:2      | Reached XP level 4. HP: 30/30 MP: 7/9
  2731 | D:4      | Noticed Grinder
  2762 | D:4      | Noticed Eustachio
  2766 | D:4      | Noticed Blork the orc
  2775 | D:4      | Your ally Eustachio died
  2776 | D:4      | Reached skill level 4 in Spellcasting
  2776 | D:4      | Reached XP level 5. HP: 27/36 MP: 2/11
  2782 | D:4      | Your ally Blork the orc died
  2794 | D:4      | Paralysed by Grinder for 3 turns
  2805 | D:4      | Paralysed by Grinder for 4 turns
  2810 | D:4      | Killed Grinder
  2811 | D:4      | Reached skill level 1 in Fighting
  2811 | D:4      | Reached skill level 5 in Spellcasting
  2811 | D:4      | Reached XP level 6. HP: 31/43 MP: 4/13
  2816 | D:4      | Learned a level 4 spell: Animate Dead
  2822 | D:4      | Learned a level 5 spell: Agony
  2871 | D:4      | Found a sand-covered staircase.
  2879 | Ossuary  | Entered an ossuary
  2903 | Ossuary  | Reached XP level 7. HP: 49/49 MP: 4/14
  2938 | Ossuary  | Reached skill level 1 in Polearms
  3327 | Ossuary  | Reached XP level 8. HP: 42/57 MP: 2/16
  3337 | Ossuary  | Reached skill level 6 in Spellcasting
  3337 | Ossuary  | Reached skill level 1 in Evocations
  3745 | D:4      | Found a staircase to the Ecumenical Temple.
  3753 | Temple   | Entered the Ecumenical Temple
  3779 | Temple   | Became a worshipper of Gozag Ym Sagoz the Greedy
  4091 | D:4      | Reached skill level 7 in Spellcasting
  4336 | D:4      | Found a basalt altar of Yredelemnul.
  4436 | D:4      | Found a bloodstained altar of Trog.
  4468 | D:5      | Entered Level 5 of the Dungeon
  4492 | D:5      | Found a glowing drain.
  4514 | Sewer    | Entered a sewer
  5073 | D:1      | Bought a spiked helmet for 256 gold pieces
  5073 | D:1      | Identified the +1 helmet "Voiruxt" {rElec rN++ Dex-4
                  | Stlth+} (You bought it in a shop on level 1 of the Dungeon)
  5234 | D:5      | Noticed Ijyb
  5238 | D:5      | Killed Ijyb
  5239 | D:5      | Reached XP level 9. HP: 42/64 MP: 15/20
  5379 | D:5      | Learned a level 3 spell: Mephitic Cloud
  5461 | D:5      | Reached skill level 8 in Spellcasting
  5659 | D:4      | Fell from the grace of Gozag
  5659 | D:4      | Became a worshipper of Yredelemnul the Dark
  5966 | D:5      | Reached * piety under Yredelemnul
  6255 | D:6      | Noticed Duvessa
  6255 | D:6      | Noticed Dowan
  6439 | D:6      | Noticed Jeremiah
  6453 | D:6      | Killed Jeremiah
  6453 | D:6      | Reached ** piety under Yredelemnul
  6454 | D:6      | Reached skill level 9 in Spellcasting
  6454 | D:6      | Reached skill level 1 in Air Magic
  6553 | D:6      | Noticed Prince Ribbit
  6568 | D:6      | Killed Prince Ribbit
  6569 | D:6      | Reached skill level 1 in Poison Magic
  6682 | D:6      | Your ally Prince Ribbit died
  6758 | D:6      | Learned a level 3 spell: Frozen Ramparts
  6762 | D:6      | Learned a level 3 spell: Hailstorm
  6847 | D:6      | Killed Duvessa
  6849 | D:6      | Killed Dowan
  6994 | D:6      | Reached *** piety under Yredelemnul
  7403 | D:7      | Reached skill level 1 in Ice Magic
  7404 | D:7      | Reached XP level 10. HP: 68/72 MP: 19/23
  7448 | D:7      | HP: 1/72 [orc priest/divine providence (13)]
  7914 | D:7      | Reached skill level 5 in Dodging
  7924 | D:7      | Reached skill level 1 in Conjurations
  8660 | D:1      | Bought a shiny helmet for 202 gold pieces
  8999 | D:8      | Noticed Grum
  9011 | D:8      | Killed Grum
  9012 | D:8      | Reached skill level 10 in Spellcasting
  9012 | D:8      | Reached skill level 1 in Invocations
  9014 | D:8      | Your ally Grum died
  9037 | D:8      | Noticed Joseph
  9047 | D:8      | Killed Joseph
  9323 | D:8      | Your ally Joseph died
  9668 | D:8      | Learned a level 4 spell: Olgreb's Toxic Radiance
  9961 | D:8      | Was forgiven by Gozag
 10276 | D:9      | Identified the +6 falchion of Icefuju Keawn {freeze, +Blink
                  | rC+ Will+ Int-2 SInv}
 10341 | D:9      | Reached skill level 5 in Fighting
 10630 | D:9      | Found a radiant altar of Vehumet.
 10647 | D:9      | Found a stormy altar of Qazlal.
 10647 | D:9      | Found a shimmering blue altar of Sif Muna.
 10647 | D:9      | Found a snail-covered altar of Cheibriados.
 10698 | D:9      | Found an ornate altar of the Wu Jian Council.
 10773 | D:9      | Reached skill level 11 in Spellcasting
 10789 | D:9      | Reached XP level 11. HP: 68/79 MP: 20/26
 10792 | D:9      | Reached **** piety under Yredelemnul
 11321 | D:9      | Reached ***** piety under Yredelemnul
 11488 | D:9      | Noticed a two-headed ogre
 11730 | D:9      | Killed a two-headed ogre
 12038 | D:10     | Entered Level 10 of the Dungeon
 12043 | D:10     | Upgraded the game from 0.31-a0-977-gc230f8ef24 to
                  | 0.31-a0-986-g5e6e4ef867
 12212 | D:10     | Noticed a two-headed ogre
 12227 | D:10     | Killed a two-headed ogre
 12382 | D:10     | Noticed a two-headed ogre
 12394 | D:10     | Killed a two-headed ogre
 12396 | D:10     | Found a staircase to the Orcish Mines.
 12550 | D:10     | Found a staircase to the Lair.
 12780 | D:10     | Found a broken altar of Ashenzari.
 12781 | D:10     | Found a burning altar of Makhleb.
 13356 | D:11     | Noticed a two-headed ogre
 13358 | D:11     | Noticed a boulder beetle
 13367 | D:11     | Killed a two-headed ogre
 13368 | D:11     | Reached skill level 12 in Spellcasting
 13373 | D:11     | Noticed a two-headed ogre
 13377 | D:11     | Killed a boulder beetle
 13406 | D:11     | Killed a two-headed ogre
 13608 | D:11     | Learned a level 5 spell: Freezing Cloud
 13764 | D:11     | Noticed a deep elf pyromancer
 13773 | D:11     | Killed a deep elf pyromancer
 13774 | D:11     | Reached XP level 12. HP: 88/88 MP: 20/28
 13946 | D:11     | Noticed Maurice
 13967 | D:11     | Killed Maurice
 14027 | D:11     | Your ally Maurice died
 14158 | D:11     | Reached skill level 5 in Poison Magic
 14676 | D:12     | Reached skill level 13 in Spellcasting
 15104 | Lair:2   | Identified the "Safagrua"
 15104 | Orc:1    | Entered Level 1 of the Orcish Mines
 15261 | Orc:1    | Reached skill level 1 in Armour
 15261 | Orc:1    | Reached skill level 5 in Invocations
 15551 | Orc:2    | Entered Level 2 of the Orcish Mines
 15567 | Orc:2    | Noticed Erolcha
 15737 | Lair:1   | Entered Level 1 of the Lair of Beasts
 16112 | Lair:1   | Reached skill level 14 in Spellcasting
 16150 | Lair:1   | Noticed a death yak
 16150 | Lair:1   | Noticed a death yak
 16151 | Lair:1   | Noticed a death yak
 16152 | Lair:1   | Noticed a death yak
 16153 | Lair:1   | Noticed a death yak
 16153 | Lair:1   | Noticed a death yak
 16160 | Lair:1   | Killed a death yak
 16207 | Lair:1   | Killed a death yak
 16211 | Lair:1   | Killed a death yak
 16220 | Lair:1   | Killed a death yak
 16225 | Lair:1   | Killed a death yak
 16226 | Lair:1   | Killed a death yak
 16227 | Lair:1   | Reached skill level 5 in Polearms
 16227 | Lair:1   | Gained mutation: You are strongly in touch with the powers
                  | of death. [Mummy growth]
 16227 | Lair:1   | Reached XP level 13. HP: 35/96 MP: 4/31
 17492 | Lair:2   | Noticed Urug
 17503 | Lair:2   | Killed Urug
 17769 | Lair:2   | Your ally Urug died
 17781 | Lair:2   | Reached skill level 15 in Spellcasting
 17929 | Lair:2   | Found a runed translucent gate.
 17929 | Lair:2   | Found a runed translucent gate.
 17929 | Lair:2   | Found a runed translucent gate.
 17929 | Lair:2   | Noticed olddryhag's ghost (journeyman DrSh)
 17929 | Lair:2   | Noticed Cattocvo's ghost (journeyman VSWr)
 17929 | Lair:2   | Noticed Tollund's ghost (journeyman DsCj)
 18068 | Lair:2   | Found a staircase to the Swamp.
 18412 | Lair:2   | Learned a level 4 spell: Summon Lightning Spire
 18957 | D:12     | You fall into a shaft and drop 2 floors!
 19165 | D:14     | Reached skill level 1 in Summonings
 19913 | D:13     | Noticed Nessos
 19934 | D:13     | Killed Nessos
 20678 | D:14     | Identified the +0 scale mail "Vefireel" {-Tele Rampage
                  | Int+2 Slay+4}
 20896 | D:14     | Found a radiant altar of Vehumet.
 21891 | Orc:2    | Reached XP level 14. HP: 50/106 MP: 13/33
 21892 | Orc:2    | Killed Erolcha
 22216 | Orc:2    | Your ally Erolcha died
 22595 | Orc:2    | Found a staircase to the Elven Halls.
 22828 | Orc:2    | Found Riom Tuy's General Store.
 22828 | Orc:2    | Found Dithruedd's Weapon Boutique.
 22842 | Orc:2    | Found Taakhimm's Weapon Emporium.
 22842 | Orc:2    | Found Xedwuaxa's Weapon Boutique.
 22992 | Orc:2    | Bought a scroll of teleportation for 36 gold pieces
 22995 | Orc:2    | Bought 2 datura-tipped darts for 25 gold pieces
 23128 | Orc:1    | Found Muugedd's Weapon Shoppe.
 23128 | Orc:1    | Found Qobesuw's Weapon Boutique.
 23414 | Orc:1    | Found Loewysch's Weapon Boutique.
 23426 | Orc:1    | Found Qavoz's General Store.
 23439 | Orc:1    | Bought a scroll of fear for 48 gold pieces
 23439 | Orc:1    | Bought a scroll of poison for 48 gold pieces
 23439 | Orc:1    | Bought a scroll of teleportation for 36 gold pieces
 23514 | Orc:1    | Found Duasikar's Antique Weapon Shop.
 24681 | Lair:3   | Found a staircase to the Snake Pit.
 24687 | Lair:3   | Reached ****** piety under Yredelemnul
 25889 | Lair:4   | Found a viscous altar of Jiyva.
 25889 | Lair:4   | Found a staircase to the Slime Pits.
 25895 | Lair:4   | Reached skill level 5 in Air Magic
 26181 | Lair:4   | Reached skill level 5 in Ice Magic
 27132 | Lair:5   | Entered Level 5 of the Lair of Beasts
 27570 | Lair:5   | Reached skill level 1 in Throwing
 27737 | Lair:5   | Reached XP level 15. HP: 96/113 MP: 23/34
 27877 | Lair:5   | Reached skill level 5 in Conjurations
 28258 | Lair:5   | Identified the +10 trident of Paxto {vamp, rElec MP+9 Str+2
                  | Int+2}
 28417 | Lair:5   | Identified the +9 short sword "Tehu" {antimagic, rPois rC+
                  | Will+}
 28730 | Swamp:3  | Identified the "Eciacziv"
 28730 | Vaults:5 | Identified the "Xath"
 28730 | Vaults:5 | Identified the of Call
 28730 | WizLab   | Identified the "Gaamev"
 28730 | WizLab   | Identified the "Miew Cya"
 28730 | Elf:1    | Identified the of Muag
 28730 | Elf:1    | Entered Level 1 of the Elven Halls
 28764 | Elf:1    | Noticed a deep elf sorcerer
 29550 | D:14     | Reached skill level 1 in Shields
 29624 | D:14     | Identified the +0 chain mail of Devotion {rF+ SInv}
 29871 | D:14     | Found a gateway to a bazaar.
 30159 | D:15     | Entered Level 15 of the Dungeon
 30340 | D:15     | Reached skill level 5 in Armour
 30563 | D:15     | Found a staircase to the Depths.
 30819 | D:15     | Learned a level 4 spell: Anguish
 31420 | D:15     | HP: 2/114 [death knight/+0 battleaxe (28)]
 32019 | Bazaar   | Entered a bazaar
 32072 | Bazaar   | Found Xeagoir's Armour Emporium.
 32072 | Bazaar   | Found Zytist's Antique Weapon Shoppe.
 32120 | Bazaar   | Found Mettick's Antique Armour Emporium.
 32120 | Bazaar   | Found Wajofet's General Store.
 32167 | Bazaar   | Bought a shiny helmet for 150 gold pieces
 32167 | Bazaar   | Bought a shiny scale mail for 140 gold pieces
 32167 | Bazaar   | Bought a runed helmet for 150 gold pieces
 32193 | Bazaar   | Bought a scroll of fog for 36 gold pieces
 32193 | Bazaar   | Bought a ring of willpower for 225 gold pieces
 32193 | Bazaar   | Bought a scroll of revelation for 67 gold pieces
 33150 | Swamp:1  | Entered Level 1 of the Swamp
 33150 | Swamp:1  | Noticed Jorgrun
 33513 | Swamp:1  | HP: 4/115 [Jorgrun/+0 heavy quarterstaff (7)]
 33515 | Swamp:1  | Slain by Jorgrun

Illustrated notes

Levels and vault maps discovered:
D:1:      dpeg_arrival_arbitrary_a, layout_basic, serial_shops, shop,
          nicolae_shop_pleasant_corner_grove, nicolae_shop_back_alley_shop,
          minmay_crystal_water
D:2:      layout_basic, serial_curves, eino_curves_03, eino_curves_03,
          basic_altar
D:3:      layout_loops_cross
D:4:      layout_gridville, kennysheep_ying_yang, lightli_temple_of_fire,
          minmay_temple_entry_arrows, nicolae_ossuary_entry_giza,
          uniq_blork_the_orc, uniq_grinder, uniq_eustachio
D:5:      layout_rooms, cheibrodos_sewer_entry_sluice, minmay_misc_feat_doors,
          uniq_ijyb
D:6:      layout_gridville, uniq_duvessa, uniq_prince_ribbit1, uniq_jeremiah
D:7:      layout_basic
D:8:      layout_basic, uniq_grum, uniq_joseph
D:9:      layout_loops_ring, minmay_overflow_temple_hex,
          serial_co_window_serial, co_window_paths_b, co_window_paths_a,
          co_window_paths_a, co_window_paths_a, co_window_paths_b,
          co_window_2corner, co_window_broadway_b, co_window_2corner,
          co_window_4corner_b, co_window_sun, glass_columns_b, glass_columns_a,
          glass_columns_a, minivault_24
D:10:     layout_loops_cross, gammafunk_temple_overflow_pools,
          due_lair_maze_entry_diamond
D:11:     layout_cave_pools, hangedman_incinerator, uniq_maurice
D:12:     layout_stronghold
D:13:     layout_basic, grunt_vaults_entry_fortified, uniq_nessos
D:14:     layout_gridville, nicolae_vehumet_radiance, serial_shops, statue_bzr
D:15:     grunt_enter_depths_magical_seal, layout_gridville,
          minmay_misc_feat_rows
Temple:   minmay_freezing_vapour_temple
Lair:1:   layout_small_grid, nicolae_quartered_pool_super
Lair:2:   layout_gridlike, minmay_swamp_entry_reptiles,
          gammafunk_ghost_cemetery, lemuel_fruit_fields, lemuel_fruit_tree,
          uniq_urug
Lair:3:   layout_loops_ring, minmay_snake_entry_six_corridors,
          beast_lair_carwin_2
Lair:4:   layout_cave_pods, slime_entry_1, grunt_megastairs_2,
          serial_bayou_shore_b
Lair:5:   hangedman_lair_tendril_chambers, layout_misc_corridors,
          serial_bayou_pond_b, small_statue_intersection
Swamp:1:  layout_basic_swamp, evilmike_swamp_ruin_rubble_1,
          nicolae_swamp_rocky_clearing, infiniplex_staircase_pool, uniq_jorgrun
Orc:1:    nicolae_orc_accident_1, layout_caves, serial_shops,
          nicolae_shop_bloodbath_and_beyond, nicolae_square_shop, shop,
          nicolae_shop_behind_doors, shop
Orc:2:    grunt_orc_tribal_feast, layout_caves, uniq_erolcha
Elf:1:    layout_onion_city, minmay_elf_annihilation, lemuel_upstairs_altar,
          uniq_norris

Skill      XL: |  1  2  3  4  5  6  7  8  9 10 11 12 13 14 15 |
---------------+----------------------------------------------+-----
Spellcasting   | 3 4 5 7 9 11 12 14 15 | 15.0
Necromancy     | 5 6 7 8 |  8.3
Stealth        | 2 |  2.2
Dodging        | 2 3 4 5 6 7 8 |  8.7
Fighting       | 1 2 3 4 5 6 7 8 9 |  9.7
Polearms       | 2 3 4 5 6 7 |  7.5
Evocations     | 1 2 3 4 |  4.3
Air Magic      | 1 3 5 |  5.9
Poison Magic   | 1 2 4 5 |  5.0
Ice Magic      | 1 2 3 4 5 6 |  6.0
Conjurations   | 2 3 4 5 |  5.8
Invocations    | 2 4 5 6 7 8 |  8.2
Armour         | 2 3 4 5 |  5.2
Summonings     | 2 3 4 |  4.0
Throwing       | 1 |  1.1
Shields        | 2 |  2.1
Long Blades    | |  0.2

Action                     |  1- 3 |  4- 6 |  7- 9 | 10-12 | 13-15 || total
---------------------------+-------+-------+-------+-------+-------++-------
  Melee: Short sword       |     4 |       |       |       |       ||     4
         Glaive            |       |    24 |   169 |       |       ||   193
         Trident           |       |       |    40 |   205 |   239 ||   484
         Punch             |       |       |       |     1 |     3 ||     4
         Demon trident     |       |       |       |       |   348 ||   348
         Falchion          |       |       |       |       |    17 ||    17
  Throw: Stone             |     1 |    13 |     7 |       |       ||    21
         Dart              |       |       |    11 |    12 |    13 ||    36
   Cast: Necrotise         |    42 |    51 |   226 |   173 |   126 ||   618
         Vampiric Draining |       |     2 |    16 |    31 |     1 ||    50
         Animate Dead      |       |     1 |     4 |       |       ||     5
         Frozen Ramparts   |       |       |     1 |    16 |    23 ||    40
         Mephitic Cloud    |       |       |     1 |    36 |    47 ||    84
         Olgreb's Toxic Ra |       |       |       |    41 |   113 ||   154
         Hailstorm         |       |       |       |     2 |     9 ||    11
         Agony             |       |       |       |     3 |    13 ||    16
         Summon Lightning  |       |       |       |       |    56 ||    56
         Freezing Cloud    |       |       |       |       |    11 ||    11
 Invoke: Recall Undead Har |       |       |     1 |       |     2 ||     3
         Dark Bargain      |       |       |       |     2 |     8 ||    10
  Evoke: Wand              |       |     3 |    21 |    31 |    47 ||   102
         Phantom mirror    |       |       |       |     1 |     1 ||     2
    Use: Scroll            |       |       |     5 |     8 |    19 ||    32
   Stab: Sleeping          |       |     3 |     1 |     3 |     1 ||     8
         Distracted        |       |     1 |     1 |     3 |    17 ||    22
         Confused          |       |       |       |     3 |     9 ||    12
 Armour: Robe              |    11 |    23 |   173 |    74 |       ||   281
         Ring mail         |       |       |       |    83 |   435 ||   518
  Dodge: Dodged            |     9 |    25 |   328 |   231 |   503 ||  1096

Table legend: (Time is in decaauts)
 A = Elapsed time spent in this place.
 B = Non-inter-level travel time spent in this place.
 C = Inter-level travel time spent in this place.
 D = Time resting spent in this place.
 E = Time spent auto-exploring this place.
 F = Levels seen in this place.
 G = Mean time per level.
                   A        B        C        D        E       F      G
               +--------+--------+--------+--------+--------+-----+--------+
         Total |  33819 |  30911 |   2908 |   6223 |  17389 |  28 | 1207.8 |
       Dungeon |  20467 |  18330 |   2137 |   3009 |  11428 |  15 | 1364.5 |
        Temple |     31 |     31 |      0 |      0 |      0 |   1 |   31.0 |
          Lair |   8564 |   8010 |    554 |   2043 |   4156 |   5 | 1712.8 |
         Swamp |     28 |     28 |      0 |      0 |      0 |   1 |   28.0 |
  Orcish Mines |   3004 |   2788 |    216 |    874 |   1288 |   2 | 1502.0 |
   Elven Halls |     37 |     37 |      0 |      0 |      0 |   1 |   37.0 |
        Bazaar |    273 |    273 |      0 |      0 |    129 |   1 |  273.0 |
         Sewer |    523 |    523 |      0 |      0 |    279 |   1 |  523.0 |
       Ossuary |    888 |    888 |      0 |    296 |    108 |   1 |  888.0 |
               +--------+--------+--------+--------+--------+-----+--------+

Top non-repeatable levels by time:
  Lair:2: 2429 daAuts
  Lair:1: 1864 daAuts
     D:9: 1822 daAuts
    D:12: 1764 daAuts
    D:14: 1689 daAuts
  Lair:4: 1667 daAuts
    D:15: 1630 daAuts
    D:13: 1590 daAuts
   Orc:1: 1578 daAuts
     D:7: 1485 daAuts
     D:8: 1466 daAuts
   Orc:2: 1425 daAuts
    D:11: 1420 daAuts
    D:10: 1392 daAuts
  Lair:3: 1334 daAuts
